 Dungeon Crawl Stone Soup version 0.25-a0-523-g9afb2ee040 (webtiles) character file.

Game seed: 9743110931105578728, levelgen mode: deterministic

12177 Flugslaktarn the Cleaver (level 11, -4/104 HPs)
             Began as a Deep Dwarf Fighter on Feb 18, 2020.
             Was a High Priest of Makhleb.
             Slain by a 12-headed hydra (9 damage)
             ... on level 11 of the Dungeon.
             The game lasted 00:06:21 (6620 turns).

Flugslaktarn the Cleaver (Deep Dwarf Fighter)       Turns: 6620, Time: 00:06:22

Health: -4/104     AC: 20    Str: 23    XL:     11   Next: 59%
Magic:  9/9        EV:  6    Int:  9    God:    Makhleb [*****.]
Gold:   503        SH: 11    Dex: 14    Spells: 10/10 levels left

rFire    . . .     SeeInvis .   D - +4 war axe
rCold    . . .     Gourm    .   c - +0 kite shield
rNeg     . . .     Faith    .   j - +0 chain mail
rPois    +         Spirit   .   s - +2 hat
rElec    .         Reflect  .   f - +0 cloak
rCorr    .         Harm     .   (no gloves)
MR       +....                  g - +1 pair of boots
Stlth    ..........             (no amulet)
HPRegen  0.00/turn              p - +3 ring of protection
MPRegen  0.11/turn              o - ring of poison resistance

@: non-regenerating
A: damage resistance, heal wounds, claws 1, agile 1, blink, sense surroundings
2, no regeneration
a: Heal Wounds, Blink, Minor Destruction, Lesser Servant of Makhleb, Major
Destruction, Greater Servant of Makhleb, Renounce Religion


You were on level 11 of the Dungeon.
You worshipped Makhleb.
Makhleb was extremely pleased with you.
You were not hungry.

You visited 2 branches of the dungeon, and saw 12 of its levels.
You also visited: Sewer and Bailey.

You collected 503 gold pieces.

Inventory:

Hand Weapons
 a - a +1 war axe
 d - a +0 broad axe
   (You took it off an orc knight in a bailey)
 z - a +4 battleaxe
   (You took it off a wight on level 6 of the Dungeon)
 D - a +4 war axe (weapon)
   (You took it off a wight on level 9 of the Dungeon)
Armour
 c - a +0 kite shield (worn)
 f - a +0 cloak (worn)
   (You found it on level 5 of the Dungeon)
 g - a +1 pair of boots (worn)
   (You found it on level 4 of the Dungeon)
 j - a +0 chain mail (worn)
   (You found it on level 1 of the Dungeon)
 s - a +2 hat (worn)
   (You found it on level 8 of the Dungeon)
Jewellery
 b - an uncursed ring of wizardry {unknown}
   (You found it on level 10 of the Dungeon)
 k - an uncursed ring of resist corrosion
   (You found it on level 5 of the Dungeon)
 l - an uncursed ring of ice
   (You found it on level 3 of the Dungeon)
 o - a ring of poison resistance (right claw)
   (You found it on level 1 of the Dungeon)
 p - a +3 ring of protection (left claw)
   (You found it on level 6 of the Dungeon)
 E - an uncursed ring of flight
   (You found it on level 9 of the Dungeon)
Wands
 C - a wand of paralysis (6)
   (You found it on level 9 of the Dungeon)
Scrolls
 n - a scroll of fear
 r - 2 scrolls of identify
 t - 6 scrolls of teleportation
 u - a scroll of immolation
 x - 2 scrolls of enchant weapon
 y - 5 scrolls of remove curse
Potions
 h - 4 potions of stabbing
 i - 2 potions of berserk rage
 m - 2 potions of ambrosia
 q - 8 potions of curing
 v - a potion of lignification
 w - 6 potions of heal wounds
 A - a potion of brilliance {unknown}
 B - a potion of cancellation {unknown}
 H - a potion of resistance {unknown}
Comestibles
 e - 15 rations
 F - 5 chunks of flesh


   Skills:
 + Level 8.5 Fighting
 * Level 13.3 Axes
 + Level 10.2 Armour
 + Level 6.9 Shields
 + Level 3.3 Invocations


You had 10 spell levels left.
You didn't know any spells.
Your spell library was empty.

Dungeon Overview and Level Annotations

Branches:
Dungeon (11/15)            Temple (1/1) D:4            Lair (0/6) D:9
  Sewer (visited)          Bailey (visited)
    Orc: D:9-12

Altars:
Ashenzari
Cheibriados
Dithmenos
Elyvilon
Fedhas
Hepliaklqana
Kikubaaqudgha
Makhleb
Nemelex Xobeh
Okawaru
Qazlal
Ru
Sif Muna
Trog
Uskayaw
Vehumet
Wu Jian
Xom
Yredelemnul
Zin
The Shining One

Shops:
D:5 [


Innate Abilities, Weirdness & Mutations

You are resistant to damage.
You can heal yourself by infusing magical energy.
You passively map the area around you.
You do not regenerate.
You have sharp fingernails.
You are agile. (Dex +2)
You can translocate small distances at will.


Message History

* * * LOW HITPOINT WARNING * * *
The 12-headed hydra bites you but does no damage.
You block the 12-headed hydra's attack. x3
The 12-headed hydra barely misses you.
The 12-headed hydra bites you but does no damage.
The 12-headed hydra closely misses you.
Unknown command.
A demon appears!
You block the 12-headed hydra's attack.
The 12-headed hydra bites you but does no damage.
The 12-headed hydra bites you!
* * * LOW HITPOINT WARNING * * *
The 12-headed hydra bites you but does no damage.
You block the 12-headed hydra's attack.
The 12-headed hydra bites you but does no damage.
The 12-headed hydra bites you!
* * * LOW HITPOINT WARNING * * *
The 12-headed hydra bites you but does no damage.
The 12-headed hydra barely misses you.
You block the 12-headed hydra's attack. x2
The 12-headed hydra bites you!
You die...

*###.###'##
, ,
#.[<....# *
* ,
#.#####.# ,
#.....# * *
, #.###.+,
, , *,
#}).#* * *
#####.### *
#.......#
###.3@.##
####D# *
#.........#
#.......%.#
#......(..#
* *
#.........#
#.........#
*,
#.........#
** * ,,*
#..........
,


You could see a 12-headed hydra and a friendly neqoxec.

Vanquished Creatures
  4 two-headed ogres
  2 orc knights (Bailey)
  A guardian serpent (D:10)
  Maggie (D:7)
  A gargoyle (D:10)
  2 trolls
  A queen bee (D:9)
  A basilisk (D:9)
  Edmund (D:5)
  An acid dragon (D:11)
  A water moccasin (D:9)
  2 porcupines (D:9)
  4 orc warriors
  2 sky beasts
  3 black bears
  3 ice beasts
  A necrophage (D:8)
  A phantom (D:9)
  3 wolves (D:9)
  4 ogres
  5 centaurs
  3 crocodiles
  5 bullfrogs
  2 scorpions
  20 killer bees
  6 wights
  A centaur zombie (D:5)
  3 crimson imps
  2 quasits
  5 hounds
  13 orc wizards
  8 orc priests
  3 centaur skeletons
  2 jellies
  6 iguanas
  9 worker ants
  A killer bee zombie (D:8)
  2 hound skeletons
  3 worker ant zombies
  9 gnolls
  14 adders
  2 howler monkey skeletons
  6 river rats (Sewer)
  2 shadow imps
  An ooze (D:1)
  An adder skeleton (D:4)
  2 worms (D:3)
  A dart slug (D:1)
  3 leopard geckos
  35 orcs
  A bat (D:1)
  3 giant cockroaches
  8 hobgoblins
  8 jackals
  4 quokkas
  6 ball pythons
  6 frilled lizards
  A giant cockroach zombie (D:5)
  7 goblins
  A jackal zombie (D:7)
  20 kobolds
  2 quokka skeletons
  22 rats
303 creatures vanquished.

Vanquished Creatures (collateral kills)
  An orc warrior (Bailey)
  An orc (Bailey)
  2 goblins (Bailey)
  A kobold (Bailey)
5 creatures vanquished.

Vanquished Creatures (others)
  A plant (D:9)
1 creature vanquished.

Grand Total: 309 creatures vanquished

Notes
Turn   | Place    | Note
-------+----------+-------------------------------------------
     0 | D:1      | Flugslaktarn the Deep Dwarf Fighter began the quest for the
                  | Orb.
     0 | D:1      | Reached XP level 1. HP: 20/20 MP: 1/1
   166 | D:1      | Reached XP level 2. HP: 27/27 MP: 2/2
   200 | D:1      | Found a snail-covered altar of Cheibriados.
   818 | D:2      | Reached skill level 3 in Axes
   922 | D:3      | Reached XP level 3. HP: 31/33 MP: 3/3
   953 | D:3      | Reached XP level 4. HP: 35/42 MP: 4/4
  1197 | D:4      | Found a staircase to the Ecumenical Temple.
  1221 | Temple   | Entered the Ecumenical Temple
  1371 | Temple   | Became a worshipper of Makhleb the Destroyer
  1525 | D:4      | Reached skill level 4 in Axes
  1525 | D:4      | Reached XP level 5. HP: 33/49 MP: 5/5
  2158 | D:5      | Entered Level 5 of the Dungeon
  2223 | D:5      | Noticed a sky beast
  2254 | D:5      | Killed a sky beast
  2254 | D:5      | Reached skill level 5 in Axes
  2254 | D:5      | Reached XP level 6. HP: 23/57 MP: 5/5
  2492 | D:5      | Found a glowing drain.
  2514 | D:5      | Reached skill level 5 in Armour
  2514 | D:5      | Reached XP level 7. HP: 34/64 MP: 6/6
  2540 | Sewer    | Entered a sewer
  2576 | Sewer    | Reached skill level 5 in Shields
  2615 | Sewer    | Reached * piety under Makhleb
  2773 | Sewer    | Reached skill level 6 in Axes
  2773 | Sewer    | Reached ** piety under Makhleb
  3053 | D:5      | Gained mutation: You evolve. [potion of mutation]
  3053 | D:5      | Gained mutation: You have a pair of small antennae on your
                  | head. [potion of mutation]
  3053 | D:5      | Gained mutation: You have sharp fingernails. [potion of
                  | mutation]
  3061 | D:5      | Lost mutation: You evolve. [potion of mutation]
  3061 | D:5      | Lost mutation: You have a pair of small antennae on your
                  | head. [potion of mutation]
  3061 | D:5      | Gained mutation: You can translocate small distances at
                  | will. [potion of mutation]
  3061 | D:5      | Gained mutation: You are agile. (Dex +2) [potion of
                  | mutation]
  3196 | D:5      | Found Xohebrub's Antique Armour Shop.
  3244 | D:5      | Noticed Edmund
  3277 | D:5      | Killed Edmund
  3277 | D:5      | Reached XP level 8. HP: 44/73 MP: 7/7
  3327 | D:5      | Reached skill level 7 in Axes
  3557 | D:6      | Reached skill level 5 in Fighting
  3560 | D:6      | Reached *** piety under Makhleb
  3743 | D:6      | Reached skill level 8 in Axes
  3848 | D:7      | Noticed Maggie
  3858 | D:7      | Killed Maggie
  3878 | D:7      | Gained mutation: You passively map the area around you.
                  | [Deep Dwarf growth]
  3878 | D:7      | Reached XP level 9. HP: 51/81 MP: 8/8
  4006 | D:7      | Reached skill level 9 in Axes
  4567 | D:8      | Reached **** piety under Makhleb
  4639 | D:8      | Noticed a two-headed ogre
  4647 | D:8      | Killed a two-headed ogre
  4647 | D:8      | Reached skill level 10 in Axes
  5215 | D:9      | Noticed a queen bee
  5217 | D:9      | Reached XP level 10. HP: 92/92 MP: 9/9
  5228 | D:9      | Reached skill level 11 in Axes
  5340 | D:9      | Reached ***** piety under Makhleb
  5435 | D:9      | Found a staircase to the Lair.
  5500 | D:9      | Reached skill level 12 in Axes
  5728 | D:10     | Entered Level 10 of the Dungeon
  5787 | D:10     | Found a flagged portal.
  5809 | Bailey   | Entered a bailey
  5820 | Bailey   | Noticed an orc knight
  5822 | Bailey   | Noticed an orc knight
  5844 | Bailey   | Killed an orc knight
  5862 | Bailey   | Killed an orc knight
  5862 | Bailey   | Reached XP level 11. HP: 56/103 MP: 8/8
  5992 | D:10     | Noticed a two-headed ogre
  6000 | D:10     | Killed a two-headed ogre
  6088 | D:10     | Noticed a two-headed ogre
  6102 | D:10     | Killed a two-headed ogre
  6102 | D:10     | Reached skill level 1 in Invocations
  6110 | D:10     | Reached skill level 13 in Axes
  6205 | D:10     | Reached skill level 10 in Armour
  6558 | D:11     | Noticed a yaktaur captain
  6558 | D:11     | Noticed a wolf spider
  6572 | D:11     | Noticed a catoblepas
  6594 | D:11     | Noticed a two-headed ogre
  6599 | D:11     | Killed a two-headed ogre
  6603 | D:11     | Noticed a five-headed hydra
  6620 | D:11     | HP: 5/104 [12-headed hydra (6)]
  6620 | D:11     | Slain by a 12-headed hydra

Levels and vault maps discovered:
D:1:      lemuel_arrival_cross, layout_basic, hangedman_decor_points,
          dk_noncrumbling_3, cheibriados_altar_1
D:2:      layout_basic, overflow_temple_1_default
D:3:      layout_basic, minmay_randomly_rotated_circles, uniq_crazy_yiuf_cottage
D:4:      layout_basic, minmay_temple_entry_junction, serial_rivers,
          chequers_serial_rivers_micro_c, chequers_serial_rivers_large_b,
          chequers_serial_rivers_room_b, chequers_serial_rivers_micro_b,
          chequers_serial_rivers_marsh, chequers_serial_rivers_micro_d,
          kennysheep_generic_room_6
D:5:      layout_loops_ring, serial_shops, shop, first_ration,
          gup_sewer_entry_glass, minmay_misc_feat_diagonals,
          kennysheep_generic_room_2, uniq_edmund
D:6:      layout_rooms
D:7:      layout_loops_ring, uniq_maggie
D:8:      layout_basic
D:9:      layout_rooms, minmay_lair_entry_grove, david_nohive_1
D:10:     layout_loops_ring, enter_bailey_2, nrook_guardian_serpent_double
D:11:     layout_roguey, onia_ninara_dug_in_and_dangerous
Temple:   regret_index_temple_sigil_plot

Skill      XL: |  1  2  3  4  5  6  7  8  9 10 11 |
---------------+----------------------------------+-----
Axes           | 3 4 5 6 8 10 12 13 | 13.3
Fighting       | 3 4 5 6 8 |  8.5
Armour         | 4 5 6 8 9 10 | 10.2
Shields        | 4 5 6 |  6.9
Invocations    | 3 |  3.3

Action                   |  1- 3 |  4- 6 |  7- 9 | 10-12 || total
-------------------------+-------+-------+-------+-------++-------
Melee: War axe           |    68 |   145 |   197 |   109 ||   519
       Battleaxe         |       |       |   153 |   187 ||   340
Invok: Lesser Servant of |       |       |       |     3 ||     3
 Abil: Heal Wounds       |       |     4 |     2 |    13 ||    19
Evoke: Wand              |       |       |       |     1 ||     1
  Use: Scroll            |       |       |    12 |     4 ||    16
       Potion            |       |       |     3 |     3 ||     6
  Eat: Chunk             |       |     6 |     9 |     5 ||    20
Armor: Scale mail        |    15 |       |       |       ||    15
       Chain mail        |    17 |    89 |   199 |   664 ||   969
Dodge: Dodged            |    20 |    25 |   128 |   449 ||   622
Block: Kite shield       |    31 |    75 |   127 |    85 ||   318

Table legend:
 A = Non-vault XP
 B = Vault XP
 C = Vault XP percentage of total XP
 D = Non-vault monster count
 E = Vault monster count
 F = Vault count percentage of total count
                 A         B        C        D         E       F
            +---------+---------+-------+---------+---------+-------
      Total |   11811 |    5585 |  32.1 |     208 |     100 |  32.5
            +---------+---------+-------+---------+---------+-------
        D:1 |      33 |       0 |   0.0 |      16 |       0 |   0.0
        D:2 |       5 |       0 |   0.0 |       3 |       0 |   0.0
        D:3 |      89 |       0 |   0.0 |      17 |       0 |   0.0
        D:4 |     156 |      42 |  21.2 |      11 |       1 |   8.3
        D:5 |     854 |     279 |  24.6 |      22 |       5 |  18.5
        D:6 |     765 |       0 |   0.0 |      25 |       0 |   0.0
        D:7 |     809 |     418 |  34.1 |      27 |       1 |   3.6
        D:8 |    1673 |       0 |   0.0 |      25 |       0 |   0.0
        D:9 |    1964 |    2511 |  56.1 |      35 |      27 |  43.5
       D:10 |    3763 |     493 |  11.6 |      21 |       1 |   4.5
       D:11 |    1700 |       0 |   0.0 |       6 |       0 |   0.0
      Sewer |       0 |     155 | 100.0 |       0 |      48 | 100.0
     Bailey |       0 |    1687 | 100.0 |       0 |      17 | 100.0
            +---------+---------+-------+---------+---------+-------
